Calgary Flames vs Edmonton Oilers
(R1)
Created - Sunday, May 28, 2023 at 09:24
Goals
|
| Calgary Flames |
0 |
2 |
1 |
3 |
| Edmonton Oilers |
2 |
0 |
3 |
5 |
|
Shots
|
| Calgary Flames |
13 |
15 |
8 |
36 |
| Edmonton Oilers |
11 |
12 |
9 |
32 |
|
1st period
1. Edmonton Oilers , Brock Boeser 13 (Anthony Duclair 32, Ryan Getzlaf 27) at 0:16
2. Edmonton Oilers , Boone Jenner 30 (Jamie Benn 37, Adrian Kempe 29) at 19:00 (PP)
Penalties :
Jacob Trouba (EDM) for Slashing (Minor) at 13:23, Travis Sanheim (CGY) for Hooking (Minor) at 18:46, Adrian Kempe (EDM) for Cross-checking (Minor) at 19:11
2nd period
3. Calgary Flames , Sebastian Aho 18 (Mathieu Joseph 5) at 11:12
4. Calgary Flames , J.T. Miller 30 (Timo Meier 22, Sebastian Aho 27) at 14:44
Penalties :
Jacob Trouba (EDM) for Fighting (Major) at 4:00, Max Pacioretty (CGY) for Fighting (Major) at 4:00, Brett Pesce (EDM) for Tripping (Minor) at 11:21, Drew Doughty (CGY) for Holding (Minor) at 11:25, Max Pacioretty (CGY) for Interference (Minor) at 16:58, Drew Doughty (CGY) for Tripping (Minor) at 19:17
3rd period
5. Calgary Flames , Logan Couture 16 (Zach Hyman 35) at 0:14 (SH)
6. Edmonton Oilers , Jamie Benn 23 (Adrian Kempe 30, Boone Jenner 42) at 0:32 (PP)
7. Edmonton Oilers , Ryan Getzlaf 17 (Brock Boeser 18, Jacob Trouba 6) at 7:39 (PP)
8. Edmonton Oilers , Boone Jenner 31 (Erik Johnson 10, Adrian Kempe 31) at 19:36 (PP)
Penalties :
Adrian Kempe (EDM) for Slashing (Minor) at 2:18, Max Pacioretty (CGY) for Slashing (Minor) at 6:43, J.T. Miller (CGY) for Hooking (Minor) at 19:24
Goalie Stats
Thatcher Demko (CGY), 27 saves from 32 shots - (0.844), L, 22-21-4, 59:48 minutes
Juuse Saros (EDM), 33 saves from 36 shots - (0.917), W, 23-15-0, 60:00 minutes
Players Stats for Calgary Flames
Player Name G A P +/- PIM S H SB GA TA FO MP PP MP PK MP
------------------------------------------------------------------------------------
Drew Doughty 0 0 0 1 4 2 3 1 0 0 0/0 23:54 3:24 2:14
Garnet Hathaway 0 0 0 0 0 1 2 0 1 0 0/0 7:43 0:00 0:00
J.T. Miller 1 0 1 1 2 3 0 0 1 0 15/25 17:31 3:03 0:06
Jeff Petry 0 0 0 2 0 1 1 2 0 3 0/0 26:07 3:25 3:24
Joel Eriksson Ek 0 0 0 0 0 2 1 0 1 0 6/7 15:41 2:58 0:00
Kris Russell 0 0 0 1 0 1 0 2 0 0 0/0 16:06 0:00 1:10
Logan Couture 1 0 1 1 0 6 0 0 0 0 9/18 19:09 3:03 3:37
Mathieu Joseph 0 1 1 0 0 0 1 0 0 0 0/1 12:12 0:00 0:30
Max Pacioretty 0 0 0 1 9 5 1 0 0 1 0/1 13:19 0:00 0:00
Nic Dowd 0 0 0 0 0 3 0 0 1 0 3/6 8:10 0:00 0:27
Oskar Lindblom 0 0 0 0 0 0 1 0 0 0 0/0 7:43 0:00 0:00
Ryan Ellis 0 0 0 0 0 0 0 1 0 0 0/0 17:45 2:36 0:04
Ryan McDonagh 0 0 0 0 0 0 2 2 0 0 0/0 17:39 0:00 1:12
Sebastian Aho 1 1 2 0 0 3 0 0 1 0 9/18 15:51 0:00 0:57
Timo Meier 0 1 1 1 0 2 1 0 0 0 0/0 17:15 2:58 0:02
Travis Sanheim 0 0 0 0 2 3 2 2 0 1 0/0 18:56 2:36 1:16
Valeri Nichushkin 0 0 0 0 0 3 0 0 2 0 0/1 17:12 3:03 0:06
Zach Hyman 0 1 1 1 0 1 1 0 0 0 0/1 21:05 2:58 3:35
Players Stats for Edmonton Oilers
Player Name G A P +/- PIM S H SB GA TA FO MP PP MP PK MP
------------------------------------------------------------------------------------
Adrian Kempe 0 3 3 -2 4 4 2 1 0 0 2/6 18:32 2:07 0:52
Alex Iafallo 0 0 0 0 0 0 0 0 0 0 5/17 14:44 0:00 1:56
Anthony Duclair 0 1 1 0 0 2 3 1 1 0 0/1 15:29 2:33 0:00
Boone Jenner 2 1 3 -1 0 6 0 1 2 0 20/36 25:07 2:03 2:46
Brandon Carlo 0 0 0 -1 0 0 1 1 0 1 0/0 14:46 0:04 0:00
Brett Pesce 0 0 0 1 2 0 2 1 0 1 0/0 20:52 2:03 3:12
Brock Boeser 1 1 2 0 0 5 4 0 0 0 0/0 20:32 2:37 2:55
Cam Atkinson 0 0 0 0 0 1 1 0 1 0 0/1 12:54 0:00 0:00
Damon Severson 0 0 0 -2 0 2 1 2 0 1 0/0 26:10 2:37 2:49
Duncan Keith 0 0 0 -1 0 0 0 1 0 0 0/0 14:38 0:00 1:01
Erik Johnson 0 1 1 1 0 1 1 0 0 0 0/0 21:30 2:03 3:12
Jacob Trouba 0 1 1 -2 7 5 1 2 0 3 0/0 22:14 2:37 1:48
Jakub Voracek 0 0 0 0 0 1 1 0 0 0 0/0 12:48 0:00 0:00
Jamie Benn 1 1 2 -2 0 2 2 0 1 1 1/1 19:15 2:03 2:46
Mikael Backlund 0 0 0 0 0 0 1 1 0 0 1/3 6:59 0:00 0:00
Paul Stastny 0 0 0 0 0 1 0 1 0 0 0/0 8:32 0:00 0:40
Ryan Getzlaf 1 1 2 0 0 2 2 0 0 0 7/13 15:35 2:33 0:00
Sean Kuraly 0 0 0 -1 0 0 0 0 0 0 0/0 1:22 0:00 0:07
3 Stars
1 - Boone Jenner (EDM)
2 - Brock Boeser (EDM)
3 - Ryan Getzlaf (EDM)
Power Play
Calgary Flames - 0 on 4 Attempt(s) - 0.00%
Edmonton Oilers - 4 on 6 Attempt(s) - 66.67%
Penalty Kill
Calgary Flames - 2 on 6 Attempt(s) - 33.33%
- Score 1 goal in Penalty Kill
Edmonton Oilers - 4 on 4 Attempt(s) - 100.00%
- Score 0 goal in Penalty Kill
Team Stat
Calgary Flames - Hits : 16 - Faceoff Wins : 42 - Blocked Shots : 10 - Penalty Minutes : 17
Edmonton Oilers - Hits : 22 - Faceoff Wins : 36 - Blocked Shots : 12 - Penalty Minutes : 13
Official
Referees : Garrett Rank and Kendrick Nicholson
Linesman : Vaughan Rody and Steve Barton
Game Notes
Jacob Trouba and Max Pacioretty fight to a draw at 4:00 of 2nd period
Finance
Level 1 -- Attendance: 4887 (81.45%) -- Ticket Income $488,700
Level 2 -- Attendance: 4163 (83.26%) -- Ticket Income $249,780
Level 3 -- Attendance: 2332 (77.73%) -- Ticket Income $86,284
Level 4 -- Attendance: 3677 (73.54%) -- Ticket Income $95,602
Luxury Box -- Attendance: 1000 (100.00%) -- Ticket Income $195,000
Game was played at the Rexall Place.
Total Attendance: 16059 (80.30%)
Total Ticket Income: $1,115,366
Other Income: $390,378
Total Income: $1,505,744
Calgary Flames
5 vs 5 Forward
Center Left Wing Right Wing Time % Phy DF OF
1 J.T. Miller Max Pacioretty Timo Meier 34 0 0 5
2 Sebastian Aho Zach Hyman Valeri Nichushkin 33 0 0 5
3 Logan Couture Mathieu Joseph Joel Eriksson Ek 25 0 2 3
4 Nic Dowd Oskar Lindblom Garnet Hathaway 8 1 3 1
5 vs 5 Defense
Defense Defense Time % Phy DF OF
1 Drew Doughty Jeff Petry 30 0 3 2
2 Travis Sanheim Ryan Ellis 30 0 3 2
3 Ryan McDonagh Kris Russell 30 0 3 2
4 Drew Doughty Jeff Petry 10 0 3 2
PowerPlay Forward
Center Left Wing Right Wing Time % Phy DF OF
1 J.T. Miller Logan Couture Valeri Nichushkin 50 0 0 5
2 Joel Eriksson Ek Timo Meier Zach Hyman 50 0 0 5
PowerPlay Defense
Defense Defense Time % Phy DF OF
1 Drew Doughty Jeff Petry 50 0 2 3
2 Travis Sanheim Ryan Ellis 50 0 2 3
Penalty Kill 4 Players Forward
Center Wing Time % Phy DF OF
1 Logan Couture Zach Hyman 60 0 4 1
2 Sebastian Aho Mathieu Joseph 40 0 4 1
Penalty Kill 4 Players Defense
Defense Defense Time % Phy DF OF
1 Drew Doughty Jeff Petry 60 1 2 2
2 Travis Sanheim Ryan McDonagh 40 1 2 2
Penalty Kill - 3 Players Forward
Forward Time % Phy DF OF
1 Nic Dowd 60 0 5 0
2 Logan Couture 40 0 5 0
Penalty Kill - 3 Players Defense
Defense Defense Time % Phy DF OF
1 Drew Doughty Jeff Petry 60 1 2 2
2 Travis Sanheim Ryan McDonagh 40 1 2 2
4 vs 4 Forward
Center Wing Time % Phy DF OF
1 Joel Eriksson Ek Max Pacioretty 60 1 2 2
2 Logan Couture Timo Meier 40 1 2 2
4 vs 4 Defense
Defense Defense Time % Phy DF OF
1 Drew Doughty Jeff Petry 60 1 2 2
2 Travis Sanheim Ryan Ellis 40 1 2 2
Last Minutes Offensive
Center Left Wing Right Wing Defense Defense
J.T. Miller Sebastian Aho Zach Hyman Drew Doughty Jeff Petry
Last Minutes Defensive
Center Left Wing Right Wing Defense Defense
J.T. Miller Sebastian Aho Logan Couture Drew Doughty Ryan McDonagh
Goaltenders
Starting : Thatcher Demko
Backup : Sam Montembeault
Extra Forwards
Normal : Max Pacioretty, Mathieu Joseph, Timo Meier - PP : Max Pacioretty, Mathieu Joseph - PK : Nic Dowd
Extra Defensemen
Normal : Ryan McDonagh, Kris Russell, Travis Sanheim - PP : Ryan McDonagh - PK : Kris Russell, Travis Sanheim
Penalty Shots
J.T. Miller, Sebastian Aho, Valeri Nichushkin, Max Pacioretty, Joel Eriksson Ek
Edmonton Oilers
5 vs 5 Forward
Center Left Wing Right Wing Time % Phy DF OF
1 Boone Jenner Jamie Benn Adrian Kempe 30 1 2 2
2 Ryan Getzlaf Anthony Duclair Brock Boeser 30 1 2 2
3 Alex Iafallo Jakub Voracek Cam Atkinson 25 1 2 2
4 Mikael Backlund Paul Stastny Boone Jenner 15 1 2 2
5 vs 5 Defense
Defense Defense Time % Phy DF OF
1 Damon Severson Jacob Trouba 30 1 2 2
2 Brett Pesce Erik Johnson 30 1 2 2
3 Brandon Carlo Duncan Keith 25 1 2 2
4 Damon Severson Jacob Trouba 15 1 2 2
PowerPlay Forward
Center Left Wing Right Wing Time % Phy DF OF
1 Boone Jenner Jamie Benn Adrian Kempe 50 1 2 2
2 Ryan Getzlaf Anthony Duclair Brock Boeser 50 1 2 2
PowerPlay Defense
Defense Defense Time % Phy DF OF
1 Damon Severson Jacob Trouba 50 1 2 2
2 Brett Pesce Erik Johnson 50 1 2 2
Penalty Kill 4 Players Forward
Center Wing Time % Phy DF OF
1 Boone Jenner Jamie Benn 50 1 2 2
2 Adrian Kempe Brock Boeser 50 1 2 2
Penalty Kill 4 Players Defense
Defense Defense Time % Phy DF OF
1 Damon Severson Jacob Trouba 50 1 2 2
2 Brett Pesce Erik Johnson 50 1 2 2
Penalty Kill - 3 Players Forward
Forward Time % Phy DF OF
1 Boone Jenner 50 1 2 2
2 Jamie Benn 50 1 2 2
Penalty Kill - 3 Players Defense
Defense Defense Time % Phy DF OF
1 Damon Severson Jacob Trouba 50 1 2 2
2 Brett Pesce Erik Johnson 50 1 2 2
4 vs 4 Forward
Center Wing Time % Phy DF OF
1 Boone Jenner Jamie Benn 50 1 2 2
2 Adrian Kempe Brock Boeser 50 1 2 2
4 vs 4 Defense
Defense Defense Time % Phy DF OF
1 Damon Severson Jacob Trouba 50 1 2 2
2 Brett Pesce Erik Johnson 50 1 2 2
Last Minutes Offensive
Center Left Wing Right Wing Defense Defense
Boone Jenner Jamie Benn Adrian Kempe Damon Severson Jacob Trouba
Last Minutes Defensive
Center Left Wing Right Wing Defense Defense
Boone Jenner Jamie Benn Adrian Kempe Damon Severson Jacob Trouba
Goaltenders
Starting : Juuse Saros
Backup : Matt Murray
Extra Forwards
Normal : Sean Kuraly, Cam Atkinson, Alex Iafallo - PP : Sean Kuraly, Cam Atkinson - PK : Alex Iafallo
Extra Defensemen
Normal : Brandon Carlo, Duncan Keith, Brett Pesce - PP : Brandon Carlo - PK : Duncan Keith, Brett Pesce
Penalty Shots
Boone Jenner, Jamie Benn, Adrian Kempe, Brock Boeser, Ryan Getzlaf
% Time on Ice - Calgary Flames
Lines # - Real PCT - Wanted PCT - Time Play
Normal Forward
1 - 31% - 34% - 14:21
2 - 29% - 33% - 13:30
3 - 24% - 25% - 11:18
4 - 16% - 8% - 7:43
Normal Defense
1 - 31% - 30% - 14:37
2 - 31% - 30% - 14:41
3 - 32% - 30% - 14:56
4 - 6% - 10% - 2:38
PP Forward
1 - 51% - 50% - 3:03
2 - 49% - 50% - 2:58
PP Defense
1 - 57% - 50% - 3:25
2 - 43% - 50% - 2:36
PK Forward
1 - 89% - 60% - 4:08
2 - 11% - 40% - 0:32
PK Defense
1 - 73% - 60% - 3:24
2 - 27% - 40% - 1:16
PK3 Forward
1 - 0% - 60%
2 - 0% - 40%
PK3 Defense
1 - 0% - 60%
2 - 0% - 40%
44 Forward
1 - 72% - 60% - 1:23
2 - 28% - 40% - 0:32
44 Defense
1 - 79% - 60% - 1:31
2 - 21% - 40% - 0:24
Last Minute Offensive - 0:32
Last Minute Defensive - 0:00
Total
Forward - 60:00
Defense - 60:00
|
% Time on Ice - Edmonton Oilers
Lines # - Real PCT - Wanted PCT - Time Play
Normal Forward
1 - 28% - 30% - 13:02
2 - 30% - 30% - 14:06
3 - 27% - 25% - 12:48
4 - 15% - 15% - 6:59
Normal Defense
1 - 31% - 30% - 14:34
2 - 31% - 30% - 14:35
3 - 26% - 25% - 12:20
4 - 12% - 15% - 5:26
PP Forward
1 - 44% - 50% - 2:03
2 - 56% - 50% - 2:37
PP Defense
1 - 56% - 50% - 2:37
2 - 44% - 50% - 2:03
PK Forward
1 - 46% - 50% - 2:46
2 - 54% - 50% - 3:15
PK Defense
1 - 47% - 50% - 2:49
2 - 53% - 50% - 3:12
PK3 Forward
1 - 0% - 50%
2 - 0% - 50%
PK3 Defense
1 - 0% - 50%
2 - 0% - 50%
44 Forward
1 - 48% - 50% - 0:55
2 - 52% - 50% - 1:00
44 Defense
1 - 59% - 50% - 1:08
2 - 41% - 50% - 0:47
Last Minute Offensive - 0:00
Last Minute Defensive - 0:29
Total
Forward - 60:00
Defense - 60:00
|
Play-by-Play
1st period
0:01 of 1st period - Boone Jenner wins face-off versus J.T. Miller in neutral zone.
0:10 of 1st period - Snap shot by Boone Jenner.
0:10 of 1st period - Stopped by Thatcher Demko without a rebound.
0:11 of 1st period - Ryan Getzlaf wins face-off versus Sebastian Aho in Calgary Flames zone.
0:14 of 1st period - Snap shot by Anthony Duclair.
0:14 of 1st period - Shot Blocked by Travis Sanheim.
0:16 of 1st period - Wrist shot by Brock Boeser.
0:16 of 1st period - Goal by Brock Boeser - Calgary Flames : 0 - Edmonton Oilers : 1.
0:17 of 1st period - Logan Couture wins face-off versus Alex Iafallo in neutral zone.
1:11 of 1st period - Snap shot by Anthony Duclair.
1:11 of 1st period - Stopped by Thatcher Demko without a rebound.
1:12 of 1st period - Boone Jenner wins face-off versus Nic Dowd in Calgary Flames zone.
1:21 of 1st period - Erik Johnson is hit by Jeff Petry and loses puck.
2:15 of 1st period - Snap shot by Logan Couture.
2:15 of 1st period - Stopped by Juuse Saros with a rebound.
2:49 of 1st period - Erik Johnson is hit by Zach Hyman and loses puck.
3:12 of 1st period - Wrist shot by Zach Hyman.
3:12 of 1st period - Shot Misses the Net.
3:39 of 1st period - Off-side.
3:40 of 1st period - Ryan Getzlaf wins face-off versus J.T. Miller in neutral zone.
3:45 of 1st period - Snap shot by Anthony Duclair.
3:45 of 1st period - Stopped by Thatcher Demko without a rebound.
3:46 of 1st period - J.T. Miller wins face-off versus Ryan Getzlaf in Calgary Flames zone.
4:10 of 1st period - Icing by Jacob Trouba.
4:11 of 1st period - Logan Couture wins face-off versus Alex Iafallo in Edmonton Oilers zone.
4:12 of 1st period - Wrist shot by Joel Eriksson Ek.
4:12 of 1st period - Shot Misses the Net.
4:38 of 1st period - Brock Boeser is hit by Drew Doughty and loses puck.
4:47 of 1st period - Wrist shot by J.T. Miller.
4:47 of 1st period - Shot Blocked by Duncan Keith.
4:49 of 1st period - Slapshot by Drew Doughty.
4:49 of 1st period - Shot Hit the Post.
5:27 of 1st period - Damon Severson is hit by Travis Sanheim and loses puck.
5:32 of 1st period - Slapshot by Valeri Nichushkin.
5:32 of 1st period - Stopped by Juuse Saros with a rebound.
6:39 of 1st period - Drew Doughty is hit by Ryan Getzlaf and loses puck.
7:13 of 1st period - Wrist shot by Joel Eriksson Ek.
7:13 of 1st period - Stopped by Juuse Saros with a rebound.
7:15 of 1st period - Slapshot by Travis Sanheim.
7:15 of 1st period - Stopped by Juuse Saros with a rebound.
7:25 of 1st period - Snap shot by Jakub Voracek.
7:25 of 1st period - Shot Blocked by Travis Sanheim.
7:33 of 1st period - Slapshot by Ryan Ellis.
7:33 of 1st period - Shot Misses the Net.
7:38 of 1st period - Off-side.
7:39 of 1st period - Boone Jenner wins face-off versus Sebastian Aho in neutral zone.
8:10 of 1st period - Logan Couture is hit by Brock Boeser and loses puck.
8:56 of 1st period - Anthony Duclair is hit by Garnet Hathaway and loses puck.
9:50 of 1st period - Boone Jenner is hit by Timo Meier.
10:52 of 1st period - Snap shot by Adrian Kempe.
10:52 of 1st period - Deflect By Ryan Ellis.
10:52 of 1st period - Shot Misses the Net.
10:52 of 1st period - Puck is out of play.
10:53 of 1st period - Joel Eriksson Ek wins face-off versus Anthony Duclair in Calgary Flames zone.
11:22 of 1st period - Slapshot by Logan Couture.
11:22 of 1st period - Stopped by Juuse Saros with a rebound.
11:32 of 1st period - Wrist shot by Brock Boeser.
11:32 of 1st period - Shot Misses the Net.
11:38 of 1st period - Anthony Duclair is hit by Mathieu Joseph and loses puck.
11:55 of 1st period - Slapshot by Ryan Getzlaf.
11:55 of 1st period - Shot Hit the Post.
12:03 of 1st period - Brock Boeser is hit by Joel Eriksson Ek.
12:06 of 1st period - Off-side.
12:07 of 1st period - Jamie Benn wins face-off versus Max Pacioretty in neutral zone.
12:14 of 1st period - Wrist shot by Jamie Benn.
12:14 of 1st period - Deflect By Adrian Kempe.
12:14 of 1st period - Shot Misses the Net.
12:14 of 1st period - Puck is out of play.
12:15 of 1st period - Boone Jenner wins face-off versus J.T. Miller in Calgary Flames zone.
12:24 of 1st period - Snap shot by Adrian Kempe.
12:24 of 1st period - Stopped by Thatcher Demko without a rebound.
12:25 of 1st period - J.T. Miller wins face-off versus Boone Jenner in Calgary Flames zone.
12:25 of 1st period - J.T. Miller is hit by Brandon Carlo.
12:39 of 1st period - Snap shot by J.T. Miller.
12:39 of 1st period - Shot Misses the Net.
12:41 of 1st period - Slapshot by Drew Doughty.
12:41 of 1st period - Deflect By Boone Jenner.
12:41 of 1st period - Stopped by Juuse Saros without a rebound.
12:42 of 1st period - Sebastian Aho wins face-off versus Alex Iafallo in Edmonton Oilers zone.
12:49 of 1st period - Wrist shot by Zach Hyman.
12:49 of 1st period - Shot Blocked by Damon Severson.
12:59 of 1st period - Snap shot by Sebastian Aho.
12:59 of 1st period - Stopped by Juuse Saros without a rebound.
13:00 of 1st period - Boone Jenner wins face-off versus J.T. Miller in Edmonton Oilers zone.
13:09 of 1st period - Snap shot by Timo Meier.
13:09 of 1st period - Shot Blocked by Jacob Trouba.
13:23 of 1st period - Minor Penalty to Jacob Trouba for Slashing.
13:24 of 1st period - J.T. Miller wins face-off versus Boone Jenner in Edmonton Oilers zone.
13:31 of 1st period - Wrist shot by J.T. Miller.
13:31 of 1st period - Stopped by Juuse Saros without a rebound.
13:32 of 1st period - J.T. Miller wins face-off versus Boone Jenner in Edmonton Oilers zone.
13:43 of 1st period - Wrist shot by Valeri Nichushkin.
13:43 of 1st period - Stopped by Juuse Saros without a rebound.
13:44 of 1st period - Joel Eriksson Ek wins face-off versus Adrian Kempe in Edmonton Oilers zone.
13:45 of 1st period - Slapshot by Timo Meier.
13:45 of 1st period - Stopped by Juuse Saros without a rebound.
13:46 of 1st period - Joel Eriksson Ek wins face-off versus Adrian Kempe in Edmonton Oilers zone.
14:15 of 1st period - Wrist shot by Boone Jenner.
14:15 of 1st period - Stopped by Thatcher Demko without a rebound.
14:16 of 1st period - Adrian Kempe wins face-off versus J.T. Miller in Calgary Flames zone.
14:23 of 1st period - Snap shot by Adrian Kempe.
14:23 of 1st period - Shot Blocked by Jeff Petry.
14:25 of 1st period - Slapshot by Duncan Keith.
14:25 of 1st period - Shot Blocked by Drew Doughty.
14:27 of 1st period - Slapshot by Duncan Keith.
14:27 of 1st period - Shot Blocked by Jeff Petry.
14:29 of 1st period - Wrist shot by Damon Severson.
14:29 of 1st period - Stopped by Thatcher Demko with a rebound.
15:23 of 1st period - Penalty to Jacob Trouba is over, Jacob Trouba is back on ice.
16:27 of 1st period - Icing by Jeff Petry.
16:28 of 1st period - Nic Dowd wins face-off versus Cam Atkinson in Calgary Flames zone.
16:35 of 1st period - Snap shot by Nic Dowd.
16:35 of 1st period - Stopped by Juuse Saros with a rebound.
17:29 of 1st period - Logan Couture is hit by Jacob Trouba.
17:33 of 1st period - Snap shot by Logan Couture.
17:33 of 1st period - Shot Blocked by Anthony Duclair.
17:35 of 1st period - Snap shot by Travis Sanheim.
17:35 of 1st period - Shot Misses the Net.
17:45 of 1st period - Slapshot by Timo Meier.
17:45 of 1st period - Shot Misses the Net.
17:47 of 1st period - Slapshot by Ryan Ellis.
17:47 of 1st period - Deflect By J.T. Miller.
17:47 of 1st period - Stopped by Juuse Saros with a rebound.
17:49 of 1st period - Snap shot by Max Pacioretty.
17:49 of 1st period - Shot Misses the Net.
17:51 of 1st period - Wrist shot by Timo Meier.
17:51 of 1st period - Shot Misses the Net.
17:53 of 1st period - Slapshot by Travis Sanheim.
17:53 of 1st period - Stopped by Juuse Saros with a rebound.
18:11 of 1st period - Snap shot by Brock Boeser.
18:11 of 1st period - Stopped by Thatcher Demko without a rebound.
18:12 of 1st period - Boone Jenner wins face-off versus Zach Hyman in Calgary Flames zone.
18:17 of 1st period - Wrist shot by Boone Jenner.
18:17 of 1st period - Stopped by Thatcher Demko with a rebound.
18:19 of 1st period - Slapshot by Brandon Carlo.
18:19 of 1st period - Shot Misses the Net.
18:21 of 1st period - Snap shot by Boone Jenner.
18:21 of 1st period - Shot Misses the Net.
18:23 of 1st period - Slapshot by Boone Jenner.
18:23 of 1st period - Stopped by Thatcher Demko without a rebound.
18:24 of 1st period - Boone Jenner wins face-off versus Sebastian Aho in Calgary Flames zone.
18:46 of 1st period - Minor Penalty to Travis Sanheim for Hooking.
18:47 of 1st period - Boone Jenner wins face-off versus Logan Couture in Calgary Flames zone.
19:00 of 1st period - Wrist shot by Boone Jenner.
19:00 of 1st period - Goal by Boone Jenner - Calgary Flames : 0 - Edmonton Oilers : 2.
19:01 of 1st period - Boone Jenner wins face-off versus J.T. Miller in neutral zone.
19:11 of 1st period - Minor Penalty to Adrian Kempe for Cross-checking.
19:12 of 1st period - Alex Iafallo wins face-off versus J.T. Miller in Edmonton Oilers zone.
Goals for this period are 0 for Calgary Flames vs 2 for Edmonton Oilers.
Shots for this period are 13 for Calgary Flames vs 11 for Edmonton Oilers.
2nd period
0:01 of 2nd period - J.T. Miller wins face-off versus Alex Iafallo in neutral zone.
1:11 of 2nd period - Penalty to Adrian Kempe is over, Adrian Kempe is back on ice.
1:26 of 2nd period - Snap shot by Garnet Hathaway.
1:26 of 2nd period - Shot Blocked by Brett Pesce.
1:28 of 2nd period - Snap shot by Kris Russell.
1:28 of 2nd period - Stopped by Juuse Saros without a rebound.
1:29 of 2nd period - Boone Jenner wins face-off versus Nic Dowd in Edmonton Oilers zone.
1:29 of 2nd period - Boone Jenner is hit by Oskar Lindblom.
1:50 of 2nd period - Icing by Ryan McDonagh.
1:51 of 2nd period - J.T. Miller wins face-off versus Alex Iafallo in Calgary Flames zone.
1:51 of 2nd period - J.T. Miller is hit by Jakub Voracek.
2:01 of 2nd period - Snap shot by Alex Iafallo.
2:01 of 2nd period - Shot Misses the Net.
2:03 of 2nd period - Wrist shot by Cam Atkinson.
2:03 of 2nd period - Stopped by Thatcher Demko with a rebound.
2:17 of 2nd period - Snap shot by Adrian Kempe.
2:17 of 2nd period - Stopped by Thatcher Demko without a rebound.
2:18 of 2nd period - Sebastian Aho wins face-off versus Boone Jenner in Calgary Flames zone.
2:52 of 2nd period - Travis Sanheim is hit by Erik Johnson.
3:08 of 2nd period - Wrist shot by J.T. Miller.
3:08 of 2nd period - Shot Misses the Net.
3:28 of 2nd period - Mikael Backlund is hit by Garnet Hathaway and loses puck.
3:33 of 2nd period - Backhand shot by Nic Dowd.
3:33 of 2nd period - Shot Blocked by Paul Stastny.
3:39 of 2nd period - Snap shot by Nic Dowd.
3:39 of 2nd period - Stopped by Juuse Saros without a rebound.
3:40 of 2nd period - Alex Iafallo wins face-off versus Sebastian Aho in Edmonton Oilers zone.
3:51 of 2nd period - Wrist shot by Jakub Voracek.
3:51 of 2nd period - Shot Misses the Net.
3:57 of 2nd period - Snap shot by Drew Doughty.
3:57 of 2nd period - Stopped by Juuse Saros without a rebound.
3:58 of 2nd period - J.T. Miller wins face-off versus Boone Jenner in Edmonton Oilers zone.
4:00 of 2nd period - Jacob Trouba and Max Pacioretty fight to a draw.
4:00 of 2nd period - Penalty to Jacob Trouba for Fighting.
4:00 of 2nd period - Penalty to Max Pacioretty for Fighting.
4:01 of 2nd period - Sebastian Aho wins face-off versus Boone Jenner in Edmonton Oilers zone.
4:58 of 2nd period - Wrist shot by Anthony Duclair.
4:58 of 2nd period - Shot Misses the Net.
5:12 of 2nd period - Snap shot by Jakub Voracek.
5:12 of 2nd period - Stopped by Thatcher Demko without a rebound.
5:13 of 2nd period - Alex Iafallo wins face-off versus Nic Dowd in Calgary Flames zone.
6:43 of 2nd period - Snap shot by Brock Boeser.
6:43 of 2nd period - Stopped by Thatcher Demko with a rebound.
6:55 of 2nd period - Jamie Benn is hit by Ryan McDonagh and loses puck.
10:02 of 2nd period - Slapshot by Jeff Petry.
10:02 of 2nd period - Stopped by Juuse Saros with a rebound.
11:10 of 2nd period - Slapshot by Sebastian Aho.
11:10 of 2nd period - Shot Blocked by Adrian Kempe.
11:12 of 2nd period - Snap shot by Sebastian Aho.
11:12 of 2nd period - Goal by Sebastian Aho - Calgary Flames : 1 - Edmonton Oilers : 2.
11:13 of 2nd period - Sebastian Aho wins face-off versus Boone Jenner in neutral zone.
11:21 of 2nd period - Minor Penalty to Brett Pesce for Tripping.
11:22 of 2nd period - Joel Eriksson Ek wins face-off versus Boone Jenner in Edmonton Oilers zone.
11:25 of 2nd period - Minor Penalty to Drew Doughty for Holding.
11:26 of 2nd period - Joel Eriksson Ek wins face-off versus Boone Jenner in Calgary Flames zone.
11:34 of 2nd period - Wrist shot by Joel Eriksson Ek.
11:34 of 2nd period - Shot Blocked by Boone Jenner.
11:58 of 2nd period - Snap shot by Adrian Kempe.
11:58 of 2nd period - Stopped by Thatcher Demko without a rebound.
11:59 of 2nd period - Joel Eriksson Ek wins face-off versus Adrian Kempe in Calgary Flames zone.
11:59 of 2nd period - Joel Eriksson Ek is hit by Adrian Kempe.
12:21 of 2nd period - Snap shot by Jamie Benn.
12:21 of 2nd period - Stopped by Thatcher Demko without a rebound.
12:22 of 2nd period - Adrian Kempe wins face-off versus Logan Couture in Calgary Flames zone.
12:25 of 2nd period - Wrist shot by Brock Boeser.
12:25 of 2nd period - Stopped by Thatcher Demko with a rebound.
12:37 of 2nd period - Slapshot by Timo Meier.
12:37 of 2nd period - Shot Misses the Net.
12:39 of 2nd period - Wrist shot by Logan Couture.
12:39 of 2nd period - Shot Hit the Post.
12:45 of 2nd period - Wrist shot by Logan Couture.
12:45 of 2nd period - Stopped by Juuse Saros without a rebound.
12:46 of 2nd period - Boone Jenner wins face-off versus Joel Eriksson Ek in Edmonton Oilers zone.
13:02 of 2nd period - Wrist shot by Max Pacioretty.
13:02 of 2nd period - Shot Blocked by Jacob Trouba.
13:12 of 2nd period - Joel Eriksson Ek is hit by Brock Boeser.
13:21 of 2nd period - Penalty to Brett Pesce is over, Brett Pesce is back on ice.
13:25 of 2nd period - Penalty to Drew Doughty is over, Drew Doughty is back on ice.
13:34 of 2nd period - Backhand shot by Adrian Kempe.
13:34 of 2nd period - Shot Misses the Net.
13:50 of 2nd period - Snap shot by Drew Doughty.
13:50 of 2nd period - Shot Blocked by Brandon Carlo.
13:52 of 2nd period - Slapshot by Zach Hyman.
13:52 of 2nd period - Stopped by Juuse Saros with a rebound.
13:54 of 2nd period - Slapshot by Travis Sanheim.
13:54 of 2nd period - Stopped by Juuse Saros without a rebound.
13:55 of 2nd period - J.T. Miller wins face-off versus Alex Iafallo in Edmonton Oilers zone.
14:06 of 2nd period - Wrist shot by Max Pacioretty.
14:06 of 2nd period - Stopped by Juuse Saros without a rebound.
14:07 of 2nd period - Sebastian Aho wins face-off versus Alex Iafallo in Edmonton Oilers zone.
14:12 of 2nd period - Wrist shot by Sebastian Aho.
14:12 of 2nd period - Stopped by Juuse Saros without a rebound.
14:13 of 2nd period - Alex Iafallo wins face-off versus Sebastian Aho in Edmonton Oilers zone.
14:24 of 2nd period - Slapshot by Damon Severson.
14:24 of 2nd period - Shot Hit the Post.
14:26 of 2nd period - Wrist shot by Cam Atkinson.
14:26 of 2nd period - Shot Misses the Net.
14:44 of 2nd period - Slapshot by J.T. Miller.
14:44 of 2nd period - Goal by J.T. Miller - Calgary Flames : 2 - Edmonton Oilers : 2.
14:45 of 2nd period - Boone Jenner wins face-off versus Sebastian Aho in neutral zone.
15:37 of 2nd period - Snap shot by Max Pacioretty.
15:37 of 2nd period - Stopped by Juuse Saros with a rebound.
15:39 of 2nd period - Snap shot by Max Pacioretty.
15:39 of 2nd period - Shot Blocked by Damon Severson.
15:41 of 2nd period - Snap shot by Max Pacioretty.
15:41 of 2nd period - Stopped by Juuse Saros with a rebound.
15:43 of 2nd period - Snap shot by Max Pacioretty.
15:43 of 2nd period - Stopped by Juuse Saros without a rebound.
15:44 of 2nd period - Ryan Getzlaf wins face-off versus Sebastian Aho in Edmonton Oilers zone.
15:51 of 2nd period - Wrist shot by Brock Boeser.
15:51 of 2nd period - Stopped by Thatcher Demko with a rebound.
15:53 of 2nd period - Wrist shot by Erik Johnson.
15:53 of 2nd period - Deflect By Anthony Duclair.
15:53 of 2nd period - Shot Blocked by Kris Russell.
15:53 of 2nd period - Puck is out of play.
15:54 of 2nd period - Sebastian Aho wins face-off versus Ryan Getzlaf in Calgary Flames zone.
15:54 of 2nd period - Sebastian Aho is hit by Ryan Getzlaf.
16:26 of 2nd period - Wrist shot by Brock Boeser.
16:26 of 2nd period - Shot Misses the Net.
16:28 of 2nd period - Slapshot by Erik Johnson.
16:28 of 2nd period - Deflect By Zach Hyman.
16:28 of 2nd period - Stopped by Thatcher Demko without a rebound.
16:29 of 2nd period - Boone Jenner wins face-off versus J.T. Miller in Calgary Flames zone.
16:42 of 2nd period - Wrist shot by Max Pacioretty.
16:42 of 2nd period - Stopped by Juuse Saros without a rebound.
16:43 of 2nd period - J.T. Miller wins face-off versus Boone Jenner in Edmonton Oilers zone.
16:46 of 2nd period - Wrist shot by J.T. Miller.
16:46 of 2nd period - Shot Misses the Net.
16:49 of 2nd period - Icing by Damon Severson.
16:50 of 2nd period - Boone Jenner wins face-off versus J.T. Miller in Edmonton Oilers zone.
16:58 of 2nd period - Minor Penalty to Max Pacioretty for Interference.
16:59 of 2nd period - Logan Couture wins face-off versus Ryan Getzlaf in Calgary Flames zone.
17:06 of 2nd period - Off-side.
17:07 of 2nd period - Ryan Getzlaf wins face-off versus Logan Couture in neutral zone.
17:14 of 2nd period - Snap shot by Jacob Trouba.
17:14 of 2nd period - Stopped by Thatcher Demko with a rebound.
17:16 of 2nd period - Wrist shot by Jacob Trouba.
17:16 of 2nd period - Stopped by Thatcher Demko with a rebound.
17:18 of 2nd period - Slapshot by Jacob Trouba.
17:18 of 2nd period - Stopped by Thatcher Demko without a rebound.
17:19 of 2nd period - Boone Jenner wins face-off versus Logan Couture in Calgary Flames zone.
17:46 of 2nd period - Jeff Petry is hit by Brock Boeser and loses puck.
18:18 of 2nd period - Brock Boeser is hit by Ryan McDonagh and loses puck.
18:58 of 2nd period - Penalty to Max Pacioretty is over, Max Pacioretty is back on ice.
19:17 of 2nd period - Minor Penalty to Drew Doughty for Tripping.
19:18 of 2nd period - Ryan Getzlaf wins face-off versus Logan Couture in Calgary Flames zone.
Goals for this period are 2 for Calgary Flames vs 0 for Edmonton Oilers.
Shots for this period are 15 for Calgary Flames vs 12 for Edmonton Oilers.
3rd period
0:01 of 3rd period - Logan Couture wins face-off versus Ryan Getzlaf in neutral zone.
0:14 of 3rd period - Wrist shot by Logan Couture.
0:14 of 3rd period - Goal by Logan Couture - Calgary Flames : 3 - Edmonton Oilers : 2.
0:15 of 3rd period - Logan Couture wins face-off versus Boone Jenner in neutral zone.
0:23 of 3rd period - Off-side.
0:24 of 3rd period - Boone Jenner wins face-off versus Logan Couture in neutral zone.
0:30 of 3rd period - Wrist shot by Adrian Kempe.
0:30 of 3rd period - Shot Misses the Net.
0:32 of 3rd period - Wrist shot by Jamie Benn.
0:32 of 3rd period - Goal by Jamie Benn - Calgary Flames : 3 - Edmonton Oilers : 3.
0:33 of 3rd period - Boone Jenner wins face-off versus Valeri Nichushkin in neutral zone.
0:35 of 3rd period - Off-side.
0:36 of 3rd period - Sebastian Aho wins face-off versus Adrian Kempe in neutral zone.
1:24 of 3rd period - Travis Sanheim is hit by Damon Severson and loses puck.
1:51 of 3rd period - Snap shot by Paul Stastny.
1:51 of 3rd period - Stopped by Thatcher Demko with a rebound.
1:53 of 3rd period - Snap shot by Paul Stastny.
1:53 of 3rd period - Shot Misses the Net.
1:55 of 3rd period - Slapshot by Jacob Trouba.
1:55 of 3rd period - Stopped by Thatcher Demko without a rebound.
1:56 of 3rd period - Sebastian Aho wins face-off versus Ryan Getzlaf in Calgary Flames zone.
2:06 of 3rd period - Off-side.
2:07 of 3rd period - Sebastian Aho wins face-off versus Boone Jenner in neutral zone.
2:07 of 3rd period - Sebastian Aho is hit by Jamie Benn.
2:17 of 3rd period - Wrist shot by Adrian Kempe.
2:17 of 3rd period - Shot Blocked by Ryan McDonagh.
2:18 of 3rd period - Minor Penalty to Adrian Kempe for Slashing.
2:19 of 3rd period - J.T. Miller wins face-off versus Boone Jenner in Edmonton Oilers zone.
2:22 of 3rd period - Snap shot by Valeri Nichushkin.
2:22 of 3rd period - Stopped by Juuse Saros with a rebound.
2:24 of 3rd period - Snap shot by Valeri Nichushkin.
2:24 of 3rd period - Deflect By J.T. Miller.
2:24 of 3rd period - Shot Misses the Net.
2:24 of 3rd period - Puck is out of play.
2:25 of 3rd period - J.T. Miller wins face-off versus Boone Jenner in Edmonton Oilers zone.
4:18 of 3rd period - Penalty to Adrian Kempe is over, Adrian Kempe is back on ice.
4:26 of 3rd period - Jamie Benn is hit by Travis Sanheim and loses puck.
4:35 of 3rd period - Wrist shot by Oskar Lindblom.
4:35 of 3rd period - Deflect By Nic Dowd.
4:35 of 3rd period - Stopped by Juuse Saros without a rebound.
4:36 of 3rd period - Nic Dowd wins face-off versus Alex Iafallo in Edmonton Oilers zone.
4:37 of 3rd period - Snap shot by Garnet Hathaway.
4:37 of 3rd period - Stopped by Juuse Saros without a rebound.
4:38 of 3rd period - Nic Dowd wins face-off versus Alex Iafallo in Edmonton Oilers zone.
4:53 of 3rd period - Snap shot by Cam Atkinson.
4:53 of 3rd period - Shot Blocked by Kris Russell.
5:03 of 3rd period - Ryan McDonagh is hit by Jamie Benn and loses puck.
5:48 of 3rd period - Icing by Boone Jenner.
5:49 of 3rd period - Mikael Backlund wins face-off versus Logan Couture in Edmonton Oilers zone.
6:40 of 3rd period - Wrist shot by Cam Atkinson.
6:40 of 3rd period - Deflect By Jakub Voracek.
6:40 of 3rd period - Shot Blocked by Ryan Ellis.
6:40 of 3rd period - Puck is out of play.
6:41 of 3rd period - J.T. Miller wins face-off versus Alex Iafallo in Calgary Flames zone.
6:43 of 3rd period - Minor Penalty to Max Pacioretty for Slashing.
6:44 of 3rd period - Ryan Getzlaf wins face-off versus Logan Couture in Calgary Flames zone.
7:08 of 3rd period - Jacob Trouba is hit by Drew Doughty and loses puck.
7:37 of 3rd period - Slapshot by Ryan Getzlaf.
7:37 of 3rd period - Shot Misses the Net.
7:39 of 3rd period - Wrist shot by Ryan Getzlaf.
7:39 of 3rd period - Goal by Ryan Getzlaf - Calgary Flames : 3 - Edmonton Oilers : 4.
7:40 of 3rd period - Boone Jenner wins face-off versus J.T. Miller in neutral zone.
7:59 of 3rd period - Ryan Ellis is hit by Adrian Kempe and loses puck.
8:32 of 3rd period - Slapshot by Anthony Duclair.
8:32 of 3rd period - Shot Misses the Net.
8:34 of 3rd period - Wrist shot by Anthony Duclair.
8:34 of 3rd period - Shot Misses the Net.
8:36 of 3rd period - Wrist shot by Damon Severson.
8:36 of 3rd period - Stopped by Thatcher Demko without a rebound.
8:37 of 3rd period - Ryan Getzlaf wins face-off versus Mathieu Joseph in Calgary Flames zone.
8:40 of 3rd period - Wrist shot by Anthony Duclair.
8:40 of 3rd period - Deflect By Brock Boeser.
8:40 of 3rd period - Shot Misses the Net.
8:40 of 3rd period - Puck is out of play.
8:41 of 3rd period - Boone Jenner wins face-off versus Sebastian Aho in Calgary Flames zone.
10:36 of 3rd period - Slapshot by Mathieu Joseph.
10:36 of 3rd period - Shot Hit the Post.
11:43 of 3rd period - Timo Meier is hit by Brock Boeser and loses puck.
12:08 of 3rd period - Oskar Lindblom is hit by Cam Atkinson and loses puck.
12:33 of 3rd period - Jeff Petry is hit by Brett Pesce and loses puck.
12:44 of 3rd period - Anthony Duclair is hit by Max Pacioretty and loses puck.
12:57 of 3rd period - Drew Doughty is hit by Anthony Duclair and loses puck.
13:10 of 3rd period - Brandon Carlo is hit by Drew Doughty and loses puck.
13:54 of 3rd period - Icing by Paul Stastny.
13:55 of 3rd period - J.T. Miller wins face-off versus Mikael Backlund in Edmonton Oilers zone.
13:56 of 3rd period - Slapshot by Timo Meier.
13:56 of 3rd period - Stopped by Juuse Saros with a rebound.
13:58 of 3rd period - Backhand shot by Garnet Hathaway.
13:58 of 3rd period - Shot Blocked by Mikael Backlund.
14:22 of 3rd period - J.T. Miller is hit by Anthony Duclair and loses puck.
14:50 of 3rd period - Mathieu Joseph is hit by Anthony Duclair and loses puck.
15:05 of 3rd period - Wrist shot by Ryan Getzlaf.
15:05 of 3rd period - Stopped by Thatcher Demko with a rebound.
15:07 of 3rd period - Slapshot by Brandon Carlo.
15:07 of 3rd period - Shot Misses the Net.
15:09 of 3rd period - Slapshot by Erik Johnson.
15:09 of 3rd period - Shot Blocked by Ryan McDonagh.
15:11 of 3rd period - Backhand shot by Jacob Trouba.
15:11 of 3rd period - Stopped by Thatcher Demko without a rebound.
15:12 of 3rd period - J.T. Miller wins face-off versus Alex Iafallo in Calgary Flames zone.
17:15 of 3rd period - Wrist shot by Logan Couture.
17:15 of 3rd period - Stopped by Juuse Saros without a rebound.
17:16 of 3rd period - Logan Couture wins face-off versus Ryan Getzlaf in Edmonton Oilers zone.
17:17 of 3rd period - Wrist shot by Joel Eriksson Ek.
17:17 of 3rd period - Stopped by Juuse Saros with a rebound.
17:49 of 3rd period - Wrist shot by Boone Jenner.
17:49 of 3rd period - Deflect By Adrian Kempe.
17:49 of 3rd period - Stopped by Thatcher Demko without a rebound.
17:50 of 3rd period - Boone Jenner wins face-off versus Sebastian Aho in Calgary Flames zone.
18:00 of 3rd period - Off-side.
18:01 of 3rd period - Alex Iafallo wins face-off versus Logan Couture in neutral zone.
19:05 of 3rd period - Snap shot by Jamie Benn.
19:05 of 3rd period - Deflect By Boone Jenner.
19:05 of 3rd period - Deflect By Jeff Petry.
19:05 of 3rd period - Shot Misses the Net.
19:05 of 3rd period - Puck is out of play.
19:06 of 3rd period - Bruce Boudreau call a timeout for Calgary Flames.
19:06 of 3rd period - J.T. Miller wins face-off versus Boone Jenner in Calgary Flames zone.
19:13 of 3rd period - Calgary Flames, Thatcher Demko is pulled from the net.
19:24 of 3rd period - Minor Penalty to J.T. Miller for Hooking.
19:25 of 3rd period - Thatcher Demko from Calgary Flames was sent back in the game.
19:25 of 3rd period - Logan Couture wins face-off versus Boone Jenner in Calgary Flames zone.
19:34 of 3rd period - Backhand shot by Erik Johnson.
19:34 of 3rd period - Shot Misses the Net.
19:36 of 3rd period - Wrist shot by Boone Jenner.
19:36 of 3rd period - Goal by Boone Jenner - Calgary Flames : 3 - Edmonton Oilers : 5.
19:37 of 3rd period - Logan Couture wins face-off versus Mikael Backlund in neutral zone.
19:42 of 3rd period - Wrist shot by Logan Couture.
19:42 of 3rd period - Stopped by Juuse Saros with a rebound.
19:56 of 3rd period - Joel Eriksson Ek is hit by Mikael Backlund.
19:57 of 3rd period - Icing by Joel Eriksson Ek.
19:58 of 3rd period - Logan Couture wins face-off versus Alex Iafallo in Calgary Flames zone.
19:58 of 3rd period - Logan Couture is hit by Brett Pesce.
Goals for this period are 1 for Calgary Flames vs 3 for Edmonton Oilers.
Shots for this period are 8 for Calgary Flames vs 9 for Edmonton Oilers.
Back to the Top